 Dungeon Crawl Stone Soup version 0.16.0-11-gd45b091 (webtiles) character file.

16237 wojtek the Nimble (level 12, -10/78 HPs)
             Began as a Kobold Assassin on Mar 17, 2015.
             Was a High Priest of Makhleb.
             Mangled by a seven-headed hydra (17 damage)
             ... on level 4 of the Lair of Beasts.
             The game lasted 00:50:31 (17467 turns).

wojtek the Nimble (Kobold Assassin)                Turns: 17467, Time: 00:50:32

Health: -10/78     AC:  7    Str:  9    XL:     12   Next: 67%
Magic:  24/24      EV: 27    Int: 13    God:    Makhleb [*****.]
Gold:   822        SH:  0    Dex: 23    Spells: 2 memorised, 4 levels left

rFire  . . .     SeeInvis .     a - +8 short sword "Phegyoxt" {pierce, +Rage rElec rF- rC- Dex+4}
rCold  x . .     Clarity  .     Y - +0 robe
rNeg   . . .     SustAb   .     (no shield)
rPois  .         Gourm    .     z - +0 helmet
rElec  +         Spirit   .     d - +0 cloak
rCorr  .         Warding  .     E - +1 pair of gloves
rMut   .         Stasis   .     (no boots)
MR     .....                    r - amulet of regeneration
Stlth  ++++......               v - ring of flight
                                V - ring of protection from fire

@: not resistant to hostile enchantments, stealthy
A: carnivore 3
a: Minor Destruction, Lesser Servant of Makhleb, Major Destruction, Greater
Servant of Makhleb, Renounce Religion, Evoke Berserk Rage, Evoke Flight


You were on level 4 of the Lair of Beasts.
You worshipped Makhleb.
Makhleb was extremely pleased with you.
You were not hungry.

You visited 3 branches of the dungeon, and saw 14 of its levels.

You collected 920 gold pieces.
You spent 98 gold pieces at shops.

Inventory:

Hand weapons
 a - the +8 short sword "Phegyoxt" (weapon) {pierce, +Rage rElec rF- rC- Dex+4}
   (You found it on level 1 of the Lair of Beasts)

   It inflicts extra damage upon your enemies.
   It affects your dexterity (+4).
   It makes you vulnerable to fire.
   It makes you vulnerable to cold.
   It insulates you from electricity.
   It lets you go berserk.
 b - a +0 blowgun
 A - the +6 quarterstaff "Gilegena" {crush, rElec MR+}
   (You found it on level 5 of the Dungeon)

   It inflicts extra damage upon your enemies.
   It insulates you from electricity.
   It affects your resistance to hostile enchantments.
 I - the +2 hunting sling "Dekesiniff" {venom, +Blink rN+ Int-5 Dex-5 Stlth+}
   (You found it on level 1 of the Lair of Beasts)

   It poisons the ammo it fires.
   It affects your intelligence (-5).
   It affects your dexterity (-5).
   It protects you from negative energy.
   It lets you blink.
   It makes you more stealthy.
 N - a +2 dagger of draining
Missiles
 e - 54 poisoned needles
 H - 2 throwing nets (quivered)
Armour
 d - a +0 cloak (worn)
 z - a +0 helmet (worn)
 E - a +1 pair of gloves (worn)
 Y - a +0 robe (worn)
Jewellery
 r - an amulet of regeneration (around neck)
 v - a ring of flight (right hand)
 V - a ring of protection from fire (left hand)
Magical devices
 f - a wand of draining (8)
 q - a wand of digging (11)
 t - a wand of frost (15)
 w - a wand of polymorph (7)
 C - a wand of teleportation (5)
 F - a wand of frost (23)
 O - a wand of slowing (10)
 Q - a wand of fire (12)
 R - a wand of cold (6)
Scrolls
 c - 4 scrolls of identify
 h - a scroll of fog
 l - a scroll of enchant weapon {unknown}
 m - a scroll of silence {unknown}
 n - 2 scrolls of fear {unknown}
 p - a scroll of noise {unknown}
 s - 3 scrolls of recharging {unknown}
 x - a scroll of blinking {unknown}
 y - a scroll of torment {unknown}
 B - 5 scrolls of remove curse
 D - a scroll of acquirement {unknown}
 G - a scroll of immolation {unknown}
 L - 3 scrolls of teleportation {unknown}
 M - a scroll of random uselessness {unknown}
 P - a scroll of magic mapping {unknown}
 S - 2 scrolls of vulnerability {unknown}
 W - 3 scrolls of amnesia {unknown}
Potions
 i - 6 potions of agility
 j - 4 potions of curing
 k - 5 potions of might
 o - 4 potions of heal wounds
 J - a potion of ambrosia
 K - 2 potions of lignification
 X - a potion of invisibility
Comestibles
 g - 8 meat rations
 u - a slice of pizza


   Skills:
 - Level 10.3 Fighting
 - Level 7.0 Short Blades
 - Level 2.6 Throwing
 - Level 5.2 Armour
 - Level 11.0 Dodging
 - Level 5.3 Stealth
 * Level 9.9 Necromancy
 - Level 8.6 Invocations


You had 4 spell levels left.
You knew the following spells:

 Your Spells              Type           Power        Failure   Level  Hunger
a - Animate Dead          Necr           N/A          8%          4    #####..
b - Recall                Summ/Tloc      N/A          86%         3    ####...


Dungeon Overview and Level Annotations

Branches:
Dungeon (9/15)             Temple (1/1) D:4            Lair (4/8) D:8
  Swamp: Lair:3-6    Shoals: Lair:3-6     Snake: Lair:3-6    Spider: Lair:3-6
    Orc: D:9-12

Altars:
Ashenzari
Cheibriados
Dithmenos
Elyvilon
Fedhas
Gozag
Kikubaaqudgha
Makhleb
Nemelex Xobeh
Okawaru
Qazlal
Ru
Sif Muna
Trog
Vehumet
Xom
Yredelemnul
Zin
The Shining One

Shops:
D:4 [   D:6 *   D:7 %   D:9 (

Annotations:
D:7 exclusion: downstairs
Lair:1 exclusion: hydra


Innate Abilities, Weirdness & Mutations

You are small and have problems with some larger weapons.
You are carnivorous and can eat meat at any time.


Message History

You hit the six-headed hydra!
The six-headed hydra is almost dead.
The six-headed hydra bites you! The six-headed hydra misses you.
The six-headed hydra bites you! The six-headed hydra bites you.
The six-headed hydra bites you!
The six-headed hydra completely misses you.
Unknown command.
You hit the six-headed hydra.
The six-headed hydra is almost dead.
Harold hits the six-headed hydra with a scimitar.
Harold slices one of the six-headed hydra's heads off!
The five-headed hydra grows two more!
The seven-headed hydra bites you!
* * * LOW HITPOINT WARNING * * *
The seven-headed hydra completely misses you.
The seven-headed hydra bites you!
* * * LOW HITPOINT WARNING * * *
The seven-headed hydra misses you. The seven-headed hydra bites you.
* * * LOW HITPOINT WARNING * * *
The seven-headed hydra misses you. The seven-headed hydra bites you!
You die...

..........## #.#......##.....#
....###.Z..######..#...P...#..#..
..#.....ZZZP##.......P.###..###..
.P.#....ZZ..#.#..##..### #P.####.
.P......###.....#####..####..###.
P.......##......# #.Z#Z###...##.
..#....###.....2#####Z####P......
........#.Z.#..DZZ.#.......P.####
....#.......##.Z@##...#......##
#...##....#.##P..#P..##......P###
.....##...P.##......).#P......##.
........).......#...........#...#
.......####....#........##.Z.....
.......###.....#........###..#...
..#....#....#......##..####......
.###)........#.....#....P##......
###..P##....#...........##...#..P


You could see a seven-headed hydra, a friendly blizzard demon, a friendly
four-headed hydra zombie, a friendly spiny frog zombie and the friendly Harold
the human zombie.

Vanquished Creatures
  A hydra (Lair:4)
  4 spiny frogs
  A komodo dragon (Lair:3)
  A two-headed ogre (D:9)
  7 blink frogs
  A basilisk (Lair:4)
  6 yaks
  A human (D:7)
  A steam dragon (D:9)
  7 hippogriffs
  12 wolves
  A sky beast (D:6)
  A wasp (D:7)
  6 porcupines
  A black bear (Lair:1)
  8 water moccasins
  3 orc warriors
  The ghost of BLOAX the Ruffian, an average MiTm (D:3)
  3 ogres
  3 phantoms
  2 centaurs
  8 crocodiles
  15 giant frogs
  A big kobold (D:9)
  4 scorpions
  12 killer bees
  4 electric eels
  2 jellies
  5 crimson imps
  6 hounds
  A centaur zombie (D:9)
  A gnoll shaman (D:7)
  5 orc priests
  13 iguanas
  4 orc wizards
  4 worker ants
  A centaur skeleton (D:4)
  2 giant frog skeletons
  18 sheep
  Ijyb (D:6)
  8 gnolls
  26 river rats
  12 adders
  3 shadow imps
  2 giant mites
  4 worms
  2 adder skeletons
  An adder zombie (D:6)
  5 giant geckos
  An ooze (D:1)
  33 orcs
  14 bats
  A bat skeleton (D:5)
  8 giant cockroaches
  14 goblins
  18 hobgoblins
  19 kobolds
  3 ball pythons
  2 giant gecko skeletons
  8 giant newts
  A giant spore (D:8)
  17 jackals
  2 jackal zombies (D:6)
  11 quokkas
  17 rats
  3 ballistomycetes (D:6)
  22 plants (Lair:2)
435 creatures vanquished.

Vanquished Creatures (collateral kills)
  Maud (Lair:4)
  Harold (Lair:4)
  A hydra (Lair:2)
  A black mamba (Lair:3)
  2 blink frogs (Lair:2)
  2 yaks (Lair:4)
  A crocodile (Lair:3)
  2 giant frogs (Lair:3)
  An iguana (Lair:1)
  16 river rats
  A quokka (Lair:4)
29 creatures vanquished.

Vanquished Creatures (others)
  A blizzard demon (Lair:4)
  A smoke demon (Lair:4)
  A ynoxinul (Lair:4)
  A water moccasin zombie (Lair:4)
  4 yak zombies (Lair:4)
  A basilisk zombie (Lair:4)
  2 porcupine zombies (Lair:4)
  A giant spore (D:6)
  2 river rat zombies (Lair:3)
14 creatures vanquished.

Grand Total: 478 creatures vanquished

Notes
Turn   | Place    | Note
--------------------------------------------------------------
     0 | D:1      | wojtek, the Kobold Assassin, began the quest for the Orb.
     0 | D:1      | Reached XP level 1. HP: 12/12 MP: 1/1
    58 | D:1      | Reached XP level 2. HP: 15/17 MP: 2/2
   213 | D:1      | Reached XP level 3. HP: 21/21 MP: 3/3
   647 | D:1      | Reached skill level 5 in Short Blades
   773 | D:2      | Reached XP level 4. HP: 24/26 MP: 4/4
  1066 | D:2      | Reached skill level 6 in Short Blades
  1649 | D:2      | Found a sparkling altar of Nemelex Xobeh.
  1649 | D:2      | Found a snail-covered altar of Cheibriados.
  1730 | D:2      | Reached XP level 5. HP: 30/30 MP: 5/5
  2058 | D:3      | Found a stormy altar of Qazlal.
  2377 | D:3      | Noticed BLOAX's ghost (average MiTm)
  2830 | D:3      | Reached skill level 7 in Short Blades
  3075 | D:4      | Found a staircase to the Ecumenical Temple.
  3090 | Temple   | Entered the Ecumenical Temple
  3097 | Temple   | Became a worshipper of Makhleb the Destroyer
  3205 | D:4      | Reached skill level 1 in Invocations
  3205 | D:4      | Reached XP level 6. HP: 11/36 MP: 7/7
  3412 | D:4      | Noticed a phantom
  3427 | D:4      | Killed a phantom
  3895 | D:4      | Reached XP level 7. HP: 40/42 MP: 7/9
  3944 | D:4      | Found a shattered altar of Ashenzari.
  4027 | D:4      | Acquired Makhleb's first power
  4041 | D:4      | Found an iron altar of Okawaru.
  4117 | D:4      | You fall through a shaft for 2 floors!
  4279 | D:6      | Noticed Ijyb
  4293 | D:6      | Killed Ijyb
  4314 | D:5      | Entered Level 5 of the Dungeon
  4356 | D:5      | Reached XP level 8. HP: 43/48 MP: 13/13
  4808 | D:5      | Acquired Makhleb's second power
  4808 | D:5      | Reached skill level 5 in Fighting
  4854 | D:5      | Got a twisted quarterstaff
  4855 | D:5      | Identified the +6 quarterstaff "Gilegena" {crush, rElec MR+} (You found it on level 5 of the Dungeon)
  5449 | D:6      | Found Goleimal's General Store.
  5457 | D:6      | Bought a potion of heal wounds for 65 gold pieces
  5457 | D:6      | Bought a potion of poison for 13 gold pieces
  5503 | D:6      | Reached skill level 5 in Dodging
  5560 | D:6      | Found a sacrificial altar of Ru.
  5816 | D:6      | Noticed a hippogriff
  5826 | D:6      | Killed a hippogriff
  5826 | D:6      | Reached skill level 5 in Invocations
  5861 | D:6      | Acquired Makhleb's third power
  5938 | D:6      | Reached XP level 9. HP: 24/56 MP: 17/17
  6949 | D:7      | Found Thrapnir's Food Emporium.
  7134 | D:7      | Acquired Makhleb's fourth power
  7653 | D:7      | Reached skill level 8 in Dodging
  7696 | D:7      | Reached skill level 1 in Armour
  7914 | D:7      | Reached XP level 10. HP: 64/64 MP: 21/21
  8412 | D:8      | Found a shadowy altar of Dithmenos.
  9080 | D:8      | Found a staircase to the Lair.
  9138 | D:9      | Reached skill level 9 in Dodging
  9145 | D:9      | Acquired Makhleb's fifth power
  9396 | D:9      | Found Olommo's Weapon Emporium.
  9539 | D:9      | Noticed a seven-headed hydra
 10218 | D:4      | Found Psamugohuym's Antique Armour Shop.
 10222 | D:4      | Bought a glowing robe for 20 gold pieces
 10609 | D:3      | Killed BLOAX's ghost
 10645 | D:3      | Found a stormy altar of Qazlal.
 11233 | Lair:1   | Entered Level 1 of the Lair of Beasts
 11291 | Lair:1   | Noticed a spiny frog
 11299 | Lair:1   | Killed a spiny frog
 11545 | Lair:1   | Reached XP level 11. HP: 71/71 MP: 23/23
 11713 | Lair:1   | Noticed a seven-headed hydra
 11784 | Lair:1   | Reached skill level 10 in Dodging
 11854 | Lair:1   | Learned a level 4 spell: Animate Dead
 12057 | Lair:1   | Reached skill level 1 in Necromancy
 12070 | Lair:1   | Got a sapphire hunting sling
 12071 | Lair:1   | Identified the +2 hunting sling "Dekesiniff" {venom, +Blink rN+ Int-5 Dex-5 Stlth+} (You found it on level 1 of the Lair of Beasts)
 12756 | Lair:1   | Got a jewelled short sword
 12757 | Lair:1   | Identified the +8 short sword "Phegyoxt" {pierce, +Rage rElec rF- rC- Dex+4} (You found it on level 1 of the Lair of Beasts)
 13216 | Lair:2   | Reached skill level 10 in Fighting
 13259 | Lair:2   | Noticed a six-headed hydra
 13290 | Lair:2   | Killed a six-headed hydra
 13299 | Lair:2   | Reached skill level 5 in Armour
 13759 | Lair:2   | Reached skill level 5 in Necromancy
 14357 | Lair:2   | Reached skill level 11 in Dodging
 14510 | Lair:2   | Reached XP level 12. HP: 63/78 MP: 24/24
 15778 | Lair:4   | Noticed Maud
 15799 | Lair:4   | Killed Maud
 16559 | Lair:4   | Noticed a six-headed hydra
 16569 | Lair:4   | Noticed a balrug
 16832 | Lair:2   | Learned a level 3 spell: Recall
 16986 | Lair:4   | Noticed a four-headed hydra
 16995 | Lair:4   | Killed a four-headed hydra
 17109 | Lair:4   | Noticed Harold
 17124 | Lair:4   | Killed Harold
 17467 | Lair:4   | Mangled by a seven-headed hydra

Action                   |  1- 3 |  4- 6 |  7- 9 | 10-12 || total
-------------------------+-------+-------+-------+-------++-------
Melee: Dagger            |    84 |   147 |   106 |       ||   337
       Quarterstaff      |       |       |   182 |   200 ||   382
       Short sword       |       |       |       |   451 ||   451
 Fire: Blowgun           |       |    12 |    37 |    30 ||    79
 Cast: Animate Dead      |       |       |       |     9 ||     9
Invok: Lesser Servant of |       |       |       |     4 ||     4
       Greater Servant o |       |       |       |     8 ||     8
       Minor Destruction |       |       |       |     1 ||     1
Evoke: Wand              |       |       |       |     2 ||     2
  Use: Potion            |       |     3 |       |       ||     3
       Scroll            |       |       |     4 |     9 ||    13
 Stab: Sleeping          |     4 |    16 |    15 |    24 ||    59
       Distracted        |       |       |     2 |     4 ||     6
       Confused          |       |       |       |     1 ||     1
  Eat: Chunk             |     8 |     9 |    13 |    32 ||    62
